 Dungeon Crawl Stone Soup version 0.18-a0-183-gad09a0e (webtiles) character file.

159 septik the Chopper (level 5, -7/43 HPs)
             Began as a Formicid Fighter on Nov 23, 2015.
             Mangled by Menkaure (12 damage)
             ... on level 4 of the Dungeon.
             The game lasted 00:03:42 (2070 turns).

septik the Chopper (Formicid Fighter)               Turns: 2070, Time: 00:03:42

Health: -7/43      AC:  9    Str: 21    XL:     5   Next: 68%
Magic:  5/5        EV:  7    Int:  8    God:
Gold:   136        SH:  9    Dex: 10    Spells: 0 memorised, 4 levels left

rFire  . . .     SeeInvis +     a - +0 war axe
rCold  . . .     Clarity  .     b - +0 scale mail
rNeg   . . .     SustAt   .     c - +0 shield
rPois  .         Gourm    .     (helmet unavailable)
rElec  .         Spirit   .     (no cloak)
rCorr  .         Warding  .     (no gloves)
rMut   .         Stasis   +     q - +1 pair of boots
MR     .....                    (no amulet)
Stlth  ..........               (no ring)
                                (no ring)

@: not resistant to hostile enchantments, extremely unstealthy
A: permanent stasis, dig shafts and tunnels, four strong arms, antennae 3
a: Dig, Shaft Self


You were on level 4 of the Dungeon.
You were not hungry.

You visited 1 branch of the dungeon, and saw 4 of its levels.

You collected 136 gold pieces.

Inventory:

Hand Weapons
 a - a +0 war axe (weapon)
Missiles
 o - 63 stones (quivered)
Armour
 b - a +0 scale mail (worn)
 c - a +0 shield (worn)
 q - a +1 pair of boots (worn)
Jewellery
 l - an uncursed amulet of resist mutation {unknown}
Wands
 n - a wand of random effects (20)
Scrolls
 f - 2 scrolls of amnesia {unknown}
 i - a scroll of fog {unknown}
 j - 7 scrolls of identify {unknown}
 r - 2 scrolls of noise {unknown}
 s - 2 scrolls of remove curse {unknown}
 u - a scroll of random uselessness {unknown}
 w - a scroll of magic mapping {unknown}
 y - a scroll of blinking {unknown}
Potions
 d - a potion of might
 h - a potion of mutation {unknown}
 p - a potion of curing {unknown}
 v - a potion of agility {unknown}
 x - a potion of berserk rage {unknown}
Books
 t - a book of Spatial Translocations

   Spells                             Type                      Level
   a - Apportation                    Translocation                1
   b - Blink                          Translocation                2
   c - Shroud of Golubria             Charms/Translocation         2
   d - Portal Projectile              Translocation                3
   e - Teleport Other                 Translocation                3
   f - Passage of Golubria            Translocation                4
Comestibles
 e - 2 bread rations
 g - 4 fruits
 k - 2 meat rations
 m - a beef jerky
 z - 6 chunks of flesh


   Skills:
 + Level 4.5 Fighting
 * Level 4.6 Axes
 - Level 3.2 Armour
 - Level 3.6 Shields


You had 4 spell levels left.
You didn't know any spells.

Dungeon Overview and Level Annotations

Branches:
Dungeon (4/15)
 Temple: D:4-7

Altars:
Makhleb
Nemelex Xobeh
The Shining One

Annotations:
D:4 Menkaure


Innate Abilities, Weirdness & Mutations

You are under a permanent stasis effect.
You can dig through walls and to a lower floor.
Your four strong arms can wield two-handed weapons with a shield.
You have a pair of large antennae on your head (SInv).


Message History

Menkaure, Prince of Dust comes into view.
Menkaure shouts!
Menkaure moves out of view.
Menkaure gestures wildly while chanting.
Menkaure seems to speed up.
Your shield and scale mail prevent you from hitting Menkaure.
Menkaure barely misses you. Menkaure hits you but does no damage.
You slash Menkaure!
Menkaure is moderately damaged.
Menkaure hits you!
You hit Menkaure.
Menkaure is heavily damaged.
Menkaure hits you!! Menkaure casts a spell at you.
Pain shoots through your body!
* * * LOW HITPOINT WARNING * * *
You hit Menkaure.
Menkaure is heavily damaged.
Menkaure hits you!
You die...

###.......##..#...............
.###.....# #..####........#
.........# #..# ######...###..
#........###..# ###....#...
###...........# #####..........
..#)..........###.............#
...)....####..................##
##......###......M####.........##
#......#.......@## #...........
...........##....####.........#
#.##......# ##....##...{M....# ..
#....## ##..............# .#
....# #.............## # .....
#.....##........####
.......##...#.[......
.......###...#...##... .......#
##..#...# .#


You could see Menkaure.

Vanquished Creatures
  An orc priest (D:4)
  A hound (D:4)
  4 adders
  A worm (D:3)
  2 orcs (D:4)
  2 ball pythons (D:3)
  9 bats
  2 giant cockroaches (D:2)
  6 hobgoblins
  4 jackals (D:1)
  2 quokkas (D:2)
  4 giant geckos
  5 giant newts
  5 goblins
  8 kobolds
  6 rats
62 creatures vanquished.

Notes
Turn   | Place    | Note
--------------------------------------------------------------
     0 | D:1      | septik the Formicid Fighter began the quest for the Orb.
     0 | D:1      | Reached XP level 1. HP: 18/18 MP: 1/1
   103 | D:1      | Reached XP level 2. HP: 24/24 MP: 2/2
   297 | D:1      | Reached XP level 3. HP: 22/29 MP: 3/3
   782 | D:2      | Found a glowing golden altar of the Shining One.
   809 | D:2      | Reached skill level 4 in Fighting
   809 | D:2      | Reached XP level 4. HP: 22/37 MP: 4/4
   839 | D:2      | Found a sparkling altar of Nemelex Xobeh.
  1884 | D:4      | Reached XP level 5. HP: 32/43 MP: 5/5
  1917 | D:4      | Found a burning altar of Makhleb.
  2038 | D:4      | Noticed Menkaure
  2070 | D:4      | Mangled by Menkaure

Vault maps used:
D:1:      onia_arrival_mini_spirals
D:2:      old_standard_altar, lemuel_coloured_pillars_altar, feat_on_display
D:3:      first_bread
D:4:      lightli_temple_of_fire, elyvilon_altar_5, makhleb_blood_cavern_becter,
          uniq_menkaure

Action                   |  1- 3 |  4- 6 || total
-------------------------+-------+-------++-------
Melee: War axe           |    99 |   120 ||   219
  Eat: Chunk             |       |     4 ||     4
